 Dungeon Crawl Stone Soup version 0.25.1-2-g60ff931df9 (webtiles) character file.

Game seed: 12600969671418387703

76 funkygono the Conjurer (level 4, -1/49 HPs)
             Began as a Draconian Conjurer on Aug 20, 2020.
             Killed by divine providence
             ... invoked by an orc priest
              (10 damage)
             ... on level 2 of the Dungeon.
             The game lasted 00:05:27 (2743 turns).

funkygono the Conjurer (Draconian Conjurer)         Turns: 2743, Time: 00:05:28

Health: -1/49      AC: 22    Str: 11    XL:     4   Next: 12%
Magic:  1/7        EV:  2    Int: 16    God:
Gold:   68         SH:  0    Dex: 11    Spells: 2/8 levels left

rFire    . . .     SeeInvis .   e - +0 club
rCold    . . .     Gourm    .   (no shield)
rNeg     + + +     Faith    .   (armour unavailable)
rPois    +         Spirit   .   (helmet currently unavailable)
rElec    .         Reflect  .   (cloak currently unavailable)
rCorr    .         Harm     .   (gloves currently unavailable)
MR       .....     NoTele   +   (boots currently unavailable)
Stlth    ++........             (no amulet)
HPRegen  0.16/turn              a - ring of positive energy
MPRegen  0.10/turn              l - ring of teleportation (curse)

@: tree-form
A: unfitting armour, AC +5
a: no special abilities


You were on level 2 of the Dungeon.
You were very hungry.
You were a tree.
You visited 1 branch of the dungeon, and saw 3 of its levels.

You collected 68 gold pieces.

Inventory:

Hand Weapons
 e - a +0 club (weapon)
 g - a +0 dagger
Missiles
 i - 50 stones (quivered)
Jewellery
 a - a ring of positive energy (left branch)
 l - a cursed ring of teleportation (right branch)
Scrolls
 p - a scroll of teleportation
Potions
 f - a potion of degeneration {unknown}
 j - a potion of flight {unknown}
 k - a potion of ambrosia {unknown}
 o - a potion of berserk rage {unknown}
Comestibles
 b - 2 rations


   Skills:
 + Level 0.3 Maces & Flails
 + Level 2.0 Dodging
 + Level 1.9 Stealth
 + Level 2.6 Spellcasting
 + Level 5.1 Conjurations


You had 2 spell levels left.
You knew the following spells:

 Your Spells              Type           Power        Failure   Level  Hunger
a - Magic Dart            Conj           ###.         2%          1    #......
b - Searing Ray           Conj           ###...       3%          2    ##.....
c - Dazzling Flash        Conj/Hex       ##....       21%         3    ###....

Your spell library contained the following spells:

 Spells                   Type           Power        Failure   Level  Hunger
 Fulminant Prism          Conj/Hex       ##........   56%         4    #####..
 Iskenderun's Mystic Bla  Conj/Tloc      ##......     56%         4    #####..


Dungeon Overview and Level Annotations

Branches:
Dungeon (3/15)

Altars:


Innate Abilities, Weirdness & Mutations

((Your plain brown scales are hard. (AC +5)))
You cannot fit into any form of body armour.
((You are cold-blooded and may be slowed by cold attacks.))


Message History

You climb upwards.
There is a stone staircase leading down here.
Unknown command.
Okay, then.
You hit the orc but do no damage.
The orc is moderately wounded.
The orc hits you but does no damage.
The orc priest invokes the aid of Beogh against you.
Pain shoots through your body!
* * * LOW HITPOINT WARNING * * *
The orc hits you but does no damage.
Really quaff the potion of lignification?
Okay, then.
Drop what? 12/52 slots (_ for help) (? for menu, Esc to quit)
Okay, then.
Really quaff the potion of lignification?
You turn into a tree.
Your roots penetrate the ground.
The orc priest invokes the aid of Beogh against you.
Beogh smites you!
You die...

############ #..........#
#..........# #..........#
#..........# ###..........#
#............# ######
#.......####.######....####
#.......'o♣o......'........
#.......####.)..###.....###
#.......# ####.###.....#
#.......# #.).......##
#.......# #####......#
#.......# #.'....#.##
######### #.#....#..#
##############.#######.#
#............#.# #.#


You could see an orc priest and an orc.

Vanquished Creatures
  2 adders (D:2)
  A worm (D:2)
  A dart slug (D:1)
  2 leopard geckos
  3 orcs
  7 bats (D:1)
  A giant cockroach (D:1)
  6 goblins
  6 hobgoblins (D:1)
  A ball python (D:2)
  13 frilled lizards
  4 kobolds
  6 rats
53 creatures vanquished.

Notes
Turn   | Place    | Note
-------+----------+-------------------------------------------
     0 | D:1      | funkygono the Draconian Conjurer began the quest for the
                  | Orb.
     0 | D:1      | Reached XP level 1. HP: 14/14 MP: 3/3
   579 | D:1      | Reached XP level 2. HP: 20/20 MP: 1/5
   617 | D:1      | Learned a level 2 spell: Searing Ray
  1308 | D:1      | Reached XP level 3. HP: 9/26 MP: 0/6
  1680 | D:1      | Learned a level 3 spell: Dazzling Flash
  2009 | D:2      | Reached skill level 5 in Conjurations
  2563 | D:3      | Reached XP level 4. HP: 33/33 MP: 2/7
  2743 | D:2      | Killed from afar by an orc priest

Illustrated notes

Levels and vault maps discovered:
D:1:      co_arrival_random_square_maze, layout_loops_cross, grunt_decor_cap,
          serial_bayou_ford_a, minmay_fountain_box, minmay_lizard_king
D:2:      layout_basic
D:3:      layout_rooms, first_ration

Skill      XL: |  1  2  3 |
---------------+----------+-----
Dodging        | 2 |  2.0
Conjurations   | 5 |  5.1
Maces & Flails | |  0.3
Stealth        | |  1.9
Spellcasting   | |  2.6

Action                   |  1- 3 |  4- 6 || total
-------------------------+-------+-------++-------
Melee: Club              |    27 |     9 ||    36
       Unarmed           |     6 |       ||     6
       Tailslap          |     1 |       ||     1
 Cast: Magic Dart        |    85 |    11 ||    96
       Searing Ray       |     2 |     3 ||     5
  Use: Scroll            |     5 |       ||     5
       Potion            |       |     1 ||     1
  Eat: Chunk             |     6 |       ||     6
Armor: Skin              |    13 |     5 ||    18
Dodge: Dodged            |    46 |    11 ||    57
